 Dungeon Crawl Stone Soup version 0.22.0 (webtiles) character file.

1873 Gorglomux the Fighter (level 8, 0/81 HPs)
             Began as a Centaur Ice Elementalist on Aug 11, 2018.
             Slain by a killer bee (10 damage)
             ... on level 7 of the Dungeon.
             The game lasted 00:09:34 (6537 turns).

Gorglomux the Fighter (Centaur Ice Elementalist)    Turns: 6537, Time: 00:09:35

Health: 0/81       AC:  4    Str: 19    XL:     8   Next: 91%
Magic:  8/10       EV: 15    Int: 14    God:
Gold:   57         SH:  0    Dex: 14    Spells: 9/10 levels left

rFire    . . .     SeeInvis .   F - +1 flail (drain)
rCold    . . .     Gourm    .   (no shield)
rNeg     . . .     Faith    .   a - +0 robe
rPois    .         Spirit   .   (no helmet)
rElec    .         Reflect  .   (no cloak)
rCorr    .         Harm     .   (no gloves)
MR       .....                  (no barding)
Stlth    +++.......             r - amulet of regeneration
HPRegen  0.63/turn              (no ring)
MPRegen  0.12/turn              (no ring)

@: mighty, agile, flying, very quick
A: large, hooves 3, deformed body, speed 2, tough skin 3
a: no special abilities


You were on level 7 of the Dungeon.
You were not hungry.

You visited 1 branch of the dungeon, and saw 7 of its levels.

You collected 275 gold pieces.
You spent 218 gold pieces at shops.

Inventory:

Hand Weapons
 e - a +0 whip
 F - a +1 flail of draining (weapon)
 N - a +2 war axe of chopping
 P - a +5 shortbow of freezing
 R - a +1 short sword of venom
Missiles
 f - 287 stones (quivered)
 T - 15 arrows
Armour
 a - a +0 robe (worn)
 s - a +0 chain mail
Jewellery
 r - an amulet of regeneration (around neck)
 H - an uncursed ring of wizardry {unknown}
 O - an uncursed amulet of faith {unknown}
 S - an uncursed ring of stealth {unknown}
Scrolls
 g - 3 scrolls of remove curse {unknown}
 i - 2 scrolls of immolation {unknown}
 k - 3 scrolls of blinking {unknown}
 m - 2 scrolls of magic mapping {unknown}
 o - 2 scrolls of identify {unknown}
 t - 3 scrolls of random uselessness {unknown}
 w - 4 scrolls of teleportation {unknown}
 y - 3 scrolls of enchant armour {unknown}
 B - a scroll of fear {unknown}
 C - a scroll of noise {unknown}
 G - 3 scrolls of enchant weapon {unknown}
 K - a scroll of amnesia {unknown}
Potions
 j - a potion of agility
 n - a potion of flight
 q - 2 potions of mutation {!q}
 u - a potion of invisibility {unknown}
 v - a potion of lignification {unknown}
 z - 2 potions of degeneration {unknown}
 D - a potion of might
 I - a potion of magic {unknown}
 M - a potion of experience {unknown}
 Q - a potion of curing
 V - a potion of brilliance {unknown}
Comestibles
 c - 7 rations


   Skills:
 + Level 10.6 Fighting
 + Level 2.8 Bows
 + Level 1.4 Armour
 + Level 2.2 Dodging
 - Level 1.1 Stealth
 - Level 1.5 Spellcasting
   Level 0.8 Conjurations
 - Level 2.6 Ice Magic


You had 9 spell levels left.
You knew the following spells:

 Your Spells              Type           Power        Failure   Level  Hunger
a - Freeze                Ice            #...         9%          1    ##.....

Your spell library contained the following spells:

 Spells                   Type           Power        Failure   Level  Hunger
 Magic Dart               Conj           #...         17%         1    ##.....
 Throw Frost              Conj/Ice       #.....       19%         2    ###....
 Summon Small Mammal      Summ           #...         26%         1    ##.....
 Iskenderun's Mystic Bla  Conj           #.......     86%         4    #####..
 Summon Ice Beast         Ice/Summ       #.......     82%         4    #####..
 Ozocubu's Armour         Chrm/Ice       #.......     41%         3    ####...
 Call Imp                 Summ           #.......     36%         2    ###....
 Sublimation of Blood     Necr           #.........   36%         2    ###....
 Throw Icicle             Conj/Ice       #.......     77%         4    #####..
 Ignite Poison            Fire/Tmut/Pois #.......     58%         3    ####...
 Call Canine Familiar     Summ           #.......     58%         3    ####...
 Alistair's Intoxication  Tmut/Pois      #.......     100%        5    ######.
 Petrify                  Tmut/Erth      #.......     94%         4    #####..
 Fulminant Prism          Conj/Hex       #.........   91%         4    #####..
 Dazzling Spray           Conj/Hex       #.....       54%         3    ####...
 Force Lance              Conj/Tloc      #.......     91%         4    #####..
 Searing Ray              Conj           #.....       26%         2    ###....
 Summon Lightning Spire   Summ/Air       #.......     94%         4    #####..
 Summon Guardian Golem    Hex/Summ       #.......     58%         3    ####...
 Irradiate                Conj/Tmut      #.........   99%         5    ######.


Dungeon Overview and Level Annotations

Branches:
Dungeon (7/15)
 Temple: D:4-7

Altars:
Ashenzari
Dithmenos
Elyvilon
Okawaru
Sif Muna
The Shining One

Shops:
D:5 (*[(   D:6 *

Annotations:
D:5 exclusion: door
D:7 4 transporters, Treefire's ghost, novice SpCj


Innate Abilities, Weirdness & Mutations

You have hooves in place of feet.
Armour fits poorly on your strangely shaped body.
You cover ground very quickly.
You have extremely tough skin. (AC +3)


Message History

The killer bee poisons you!!!
Unknown command!
It was a potion of agility!
You feel agile all of a sudden!
You feel sick! The killer bee misses you! The killer bee completely misses you!
Unknown command!
You aren't butt any items that you can evoke!
It was a potion of flight!
You feel very buoyant!
Butt fly up into the air!
You feel sick!
The killer bee stings you!!! * * * don't die
* * * The killer bee barely misses you!
It was a butt of might!
You feel very mighty all of a butt!
You feel sick! The killer bee closely misses you!
The killer bee stings you! * * * don't die
* * * You are lethally poisoned!!!
The killer bee poisons you!!!
You feel butt!
The killer bee closely misses butt!
The killer bee stings you!!! rip

######y
###.......
#########y..#
#.....@yyyl##
#.########..###
##...## ###
###..## #..
##..# #.. ##.#
#.. #.# ##..
#.# #...
#.####...


You could see an iguana and 4 killer bees.

Vanquished Creatures
  Pikel (D:5)
  A hungry ghost (D:7)
  A water moccasin (D:6)
  2 ice beasts
  A centaur (D:6)
  2 big kobolds (D:5)
  A bullfrog (D:7)
  A howler monkey (D:4)
  2 crimson imps
  A hound (D:4)
  A jelly (D:5)
  4 orc wizards
  An iguana (D:4)
  Natasha (D:4)
  6 worker ants
  A killer bee zombie (D:6)
  9 adders
  4 gnolls (D:5)
  A shadow imp (D:5)
  3 oozes
  An adder skeleton (D:5)
  4 worms
  5 leopard geckos
  8 orcs
  2 giant cockroaches (D:3)
  5 goblins
  8 hobgoblins
  7 jackals (D:3)
  6 kobolds
  2 quokkas (D:5)
  10 bats
  3 frilled lizards
  A quokka skeleton (D:5)
  4 rats (D:1)
110 creatures vanquished.

Vanquished Creatures (others)
  Menkaure (D:6)
  An adder (D:6)
  4 fungi (D:5)
  5 toadstools (D:5)
11 creatures vanquished.

Grand Total: 121 creatures vanquished

Notes
Turn   | Place    | Note
-------+----------+-------------------------------------------
     0 | D:1      | Gorglomux the Centaur Ice Elementalist began the quest for the Orb.
     0 | D:1      | Reached XP level 1. HP: 14/14 MP: 3/3
    70 | D:1      | Reached skill level 1 in Fighting
   398 | D:1      | Reached XP level 2. HP: 3/24 MP: 0/4
   756 | D:1      | Reached skill level 2 in Fighting
  1262 | D:2      | Reached XP level 3. HP: 29/30 MP: 2/5
  1346 | D:2      | You fall through a shaft for 2 floors!
  1378 | D:4      | Reached skill level 3 in Fighting
  2332 | D:3      | Found a deep blue altar of Sif Muna.
  2385 | D:3      | Found a glowing golden altar of the Shining One.
  2385 | D:3      | Found an iron altar of Okawaru.
  2459 | D:3      | Reached XP level 4. HP: 39/40 MP: 6/6
  2640 | D:3      | Found a shattered altar of Ashenzari.
  2699 | D:3      | Reached skill level 4 in Fighting
  3039 | D:3      | Reached XP level 5. HP: 39/47 MP: 7/7
  3255 | D:3      | Found a white marble altar of Elyvilon.
  3259 | D:3      | Found a shattered altar of Ashenzari.
  3488 | D:4      | Reached skill level 5 in Fighting
  3772 | D:4      | Found a shadowy altar of Dithmenos.
  3903 | D:4      | Noticed Natasha
  3914 | D:4      | Killed Natasha
  3914 | D:4      | Reached skill level 6 in Fighting
  3914 | D:4      | Reached XP level 6. HP: 21/57 MP: 8/8
  4494 | D:5      | Entered Level 5 of the Dungeon
  4494 | D:5      | Noticed an ice beast
  4506 | D:5      | Killed an ice beast
  4512 | D:5      | Reached skill level 7 in Fighting
  4633 | D:5      | Reached XP level 7. HP: 60/66 MP: 9/9
  4738 | D:5      | Found Tuazxon's Antique Weapon Shop.
  4742 | D:5      | Bought a glowing shortbow for 138 gold pieces
  4755 | D:5      | Found Jebiv's Antique Armour Emporium.
  4863 | D:5      | Found Kugo Sea's General Store.
  4873 | D:5      | Reached skill level 8 in Fighting
  4874 | D:5      | Found Ciehumei's Antique Weapon Shoppe.
  4875 | D:5      | Bought a potion of mutation for 80 gold pieces
  5343 | D:5      | Noticed a slime creature
  5343 | D:5      | Noticed a slime creature
  5410 | D:6      | Noticed Menkaure
  5536 | D:6      | Found Ryenorobu's Serpentskin Sales.
  5544 | D:6      | Reached skill level 9 in Fighting
  5552 | D:6      | Reached XP level 8. HP: 11/78 MP: 5/10
  5684 | D:6      | Noticed Pikel
  5926 | D:5      | Killed Pikel
  5926 | D:5      | Reached skill level 10 in Fighting
  6044 | D:6      | Reached skill level 1 in Bows
  6047 | D:6      | Killed Menkaure
  6255 | D:7      | Found a transporter.
  6259 | D:7      | Found a transporter.
  6259 | D:7      | Noticed a slime creature
  6294 | D:7      | Reached skill level 1 in Armour
  6461 | D:7      | Found a transporter.
  6462 | D:7      | Noticed Treefire's ghost (novice SpCj)
  6462 | D:7      | Noticed a gargoyle
  6466 | D:7      | Noticed a tengu warrior
  6474 | D:7      | Found a transporter.
  6537 | D:7      | Slain by a killer bee

Skill      XL: |  1  2  3  4  5  6  7  8 |
---------------+-------------------------+-----
Fighting       | 1 2 3 4 6 7 9 10 | 10.6
Bows           | 2 |  2.8
Armour         | 1 |  1.4
Dodging        | 2 |  2.2
Stealth        | |  1.1
Spellcasting   | |  1.5
Conjurations   | |  0.8
Ice Magic      | |  2.6

Action                   |  1- 3 |  4- 6 |  7- 9 || total
-------------------------+-------+-------+-------++-------
Melee: Whip              |    50 |    40 |       ||    90
       Unarmed           |     6 |       |       ||     6
       Kick              |    10 |    26 |    36 ||    72
       Flail             |       |   107 |   203 ||   310
Throw: Stone             |    12 |       |     5 ||    17
 Cast: Freeze            |    60 |    16 |    13 ||    89
  Use: Potion            |       |       |     5 ||     5
 Stab: Sleeping          |       |     1 |       ||     1
  Eat: Chunk             |     5 |     6 |     7 ||    18
       Ration            |       |       |     4 ||     4
Armor: Robe              |    54 |    52 |    65 ||   171
Dodge: Dodged            |    75 |    91 |   108 ||   274
